 Dungeon Crawl Stone Soup version 0.27-a0-1590-g15f69828bf (webtiles) character file.

Game seed: 14585014718752037150

1395 Anon1729 the Insei (level 8, -5/54 HPs)
             Began as an Octopode Transmuter on July 18, 2021.
             Slain by a cyclops (31 damage)
             ... on level 6 of the Dungeon.
             The game lasted 00:07:47 (7927 turns).

Anon1729 the Insei (Octopode Transmuter)            Turns: 7927, Time: 00:07:48

Health: -5/54      AC:  2    Str: 10    XL:     8   Next: 68%
Magic:  12/14      EV: 22    Int: 17    God:
Gold:   268        SH:  0    Dex: 17    Spells: 10/16 levels left

rFire    x . .     SeeInvis .     - Unarmed
rCold    + . .     Faith    .   (shield currently unavailable)
rNeg     . . .     Spirit   .   (helmet currently unavailable)
rPois    x         Reflect  .   (no amulet)
rElec    .         Harm     .   l - ring of ice
rCorr    .         Rampage  .   (no ring)
Will     .....                  (no ring)
Stlth    ++........             (no ring)
HPRegen  0.18/turn              (no ring)
MPRegen  0.14/turn              (no ring)
                                (no ring)
                                (no ring)

@: spider-form (expiring)
A: venomous fangs, almost no armour, (amphibious), 8 rings, tiny, (camouflage
1), (gelatinous body 1), (nimble swimmer 1), (tentacles)
a: End Transformation


You were on level 6 of the Dungeon.
You were a venomous arachnid creature.
You visited 1 branch of the dungeon, and saw 6 of its levels.

You collected 268 gold pieces.

Inventory:

Jewellery
 g - a ring of fire
 l - a ring of ice (left front leg)
Wands
 e - a wand of polymorph (6)
 o - a wand of iceblast (14)
Scrolls
 a - 3 scrolls of teleportation {unknown}
 b - 2 scrolls of holy word {unknown}
 d - 2 scrolls of blinking {unknown}
 i - 6 scrolls of identify {unknown}
 j - a scroll of noise {unknown}
 k - 3 scrolls of fog {unknown}
 m - a scroll of enchant weapon {unknown}
 n - a scroll of silence {unknown}
 p - a scroll of summoning {unknown}
 q - a scroll of fear {unknown}
 s - a scroll of magic mapping {unknown}
Potions
 c - 2 potions of might {unknown}
 f - 3 potions of brilliance {unknown}
 h - a potion of attraction {unknown}
 r - a potion of lignification {unknown}


   Skills:
 + Level 4.6 Fighting
 + Level 4.9 Dodging
 + Level 5.5 Unarmed Combat
 + Level 4.6 Spellcasting
 + Level 5.0 Transmutations


You had 10 spell levels left.
You knew the following spells:

 Your Spells              Type           Power      Damage    Failure   Level
a - Beastly Appendage     Tmut           42%        N/A       8%          1
b - Wereblood             Tmut           21%        N/A       10%         2
c - Spider Form           Tmut/Pois      6%         N/A       34%         3

Your spell library contained the following spells:

 Spells                   Type           Power      Damage    Failure   Level
 Animate Skeleton         Necr           6%         N/A       34%         1
 Apportation              Tloc           6%         N/A       34%         1
 Corona                   Hex            3%         N/A       34%         1
 Foxfire                  Conj/Fire      12%        2x1d4     34%         1
 Summon Small Mammal      Summ           12%        N/A       34%         1
 Poisonous Vapours        Pois/Air       6%         N/A       43%         2
 Conjure Flame            Conj/Fire      3%         6-21      63%         3
 Gell's Gravitas          Tloc           1%         N/A       63%         3
 Inner Flame              Hex/Fire       3%         N/A       63%         3
 Mephitic Cloud           Conj/Pois/Air  3%         N/A       63%         3
 Teleport Other           Tloc           3%         N/A       63%         3
 Ice Form                 Ice/Tmut       18%        N/A       67%         4
 Freezing Cloud           Conj/Ice/Air   2%         6-21      99%         5
 Dispersal                Tloc           1%         N/A       100%        6


Dungeon Overview and Level Annotations

Branches:
Dungeon (6/15)
 Temple: D:4-7

Altars:

Annotations:
D:2 1 runed translucent door, Crazy Yiuf


Innate Abilities, Weirdness & Mutations

You are a venomous arachnid creature.
You have poisonous fangs.
You are tiny and dextrous.
Your spellcasting is less reliable in this form.
Your armour is entirely melded.
You are incapable of wielding weapons or throwing items.
You cannot wear most types of armour.
((You are amphibious.))
You can wear up to eight rings at the same time.
((Your skin changes colour to match your surroundings (Stealth+).))
((Your rubbery body absorbs attacks. (AC +1, EV +1)))
((You are camouflaged near water. (Stealth+)))
((You have tentacles for arms and can constrict up to eight enemies at once.))


Message History

There is a stone staircase leading down here.
You climb downwards.
Found a stone staircase leading up.
There is a stone staircase leading up here.
A cyclops is nearby!
A cyclops is nearby!
A cyclops is nearby!
A cyclops is nearby!
Casting: Beastly Appendage (safe; 1% risk of failure)
Confirm with . or Enter, or press ? or * to list all spells.
You turn into a venomous arachnid creature.
The cyclops shouts!
Your transformation is almost over.
You hit the cyclops.
The cyclops is poisoned.
The cyclops is lightly wounded.
You hit the cyclops but do no damage.
The cyclops looks even sicker.
The cyclops is lightly wounded.
The cyclops closely misses you.
You hit the cyclops.
The cyclops is moderately wounded.
The cyclops hits you!!
Ouch! That really hurt!
You are too injured to fight recklessly!
You are too injured to fight recklessly!
You are too injured to fight recklessly!
You are too injured to fight recklessly!
You are too injured to fight recklessly!
You hit the cyclops.
The cyclops looks as sick as possible!
The cyclops is moderately wounded.
You bite the cyclops!
The cyclops looks as sick as possible!
The cyclops is heavily wounded.
The cyclops closely misses you.
You hit the cyclops but do no damage.
The cyclops looks as sick as possible!
The cyclops is heavily wounded.
There is a stone staircase leading up here.
You hit the cyclops but do no damage.
The cyclops is severely wounded.
The cyclops hits you!!
Ouch! That really hurt!
You die...

### # #.. .#
#.###.###.#
#...<.....#
# #s.##
##.#C..#.###
+...........
##.#...#.###
#.......#
###...###
#.#.# ..###
#..


You could see a cyclops (extremely poisoned).

Vanquished Creatures
  Sigmund (D:3)
  Duvessa (D:4)
  2 ice beasts (D:5)
  A necrophage (D:5)
  An ogre (D:5)
  2 scorpions (D:5)
  Dowan (D:4)
  A centaur zombie (D:5)
  4 hounds
  Ijyb (D:5)
  3 iguanas (D:5)
  Natasha (thrice) (D:2)
  3 orc wizards
  A killer bee zombie (D:5)
  3 gnolls
  6 adders
  3 dart slugs
  7 orcs
  6 ball pythons
  5 endoplasms
  3 giant cockroaches
  3 goblins
  10 hobgoblins
  16 jackals
  4 kobolds
  4 quokkas
  12 bats
  3 frilled lizards
  A rat (D:3)
111 creatures vanquished.

Vanquished Creatures (others)
  4 plants (D:2)
4 creatures vanquished.

Grand Total: 115 creatures vanquished

Notes
Turn   | Place    | Note
-------+----------+-------------------------------------------
     0 | D:1      | Anon1729 the Octopode Transmuter began the quest for the
                  | Orb.
     0 | D:1      | Reached XP level 1. HP: 13/13 MP: 3/3
   202 | D:1      | Reached XP level 2. HP: 18/18 MP: 5/5
   796 | D:1      | Reached XP level 3. HP: 22/23 MP: 6/6
  1300 | D:2      | Noticed Natasha
  1317 | D:2      | Killed Natasha
  1318 | D:2      | Reached XP level 4. HP: 20/29 MP: 7/7
  1481 | D:2      | Noticed Natasha
  1491 | D:2      | Killed Natasha
  1846 | D:2      | Noticed Natasha
  1859 | D:2      | Killed Natasha
  1860 | D:2      | Reached XP level 5. HP: 25/34 MP: 7/9
  2407 | D:1      | Learned a level 2 spell: Wereblood
  2411 | D:1      | Learned a level 3 spell: Spider Form
  2915 | D:2      | Found a runed translucent door.
  2916 | D:2      | Noticed Crazy Yiuf
  3397 | D:3      | Noticed Sigmund
  3886 | D:3      | Killed Sigmund
  3887 | D:3      | Reached XP level 6. HP: 25/41 MP: 5/10
  4897 | D:4      | Noticed Duvessa
  4897 | D:4      | Noticed Dowan
  4935 | D:4      | Killed Duvessa
  4936 | D:4      | Reached XP level 7. HP: 25/46 MP: 8/12
  4942 | D:4      | Killed Dowan
  5491 | D:5      | Entered Level 5 of the Dungeon
  6433 | D:5      | Reached XP level 8. HP: 17/54 MP: 14/14
  6652 | D:5      | Reached skill level 5 in Unarmed Combat
  7146 | D:5      | Noticed Ijyb
  7154 | D:5      | Killed Ijyb
  7578 | D:5      | Reached skill level 5 in Transmutations
  7915 | D:6      | Noticed a cyclops
  7927 | D:6      | Slain by a cyclops

Illustrated notes

Levels and vault maps discovered:
D:1:      enne_arrival_octagon_isle, layout_loops_ring
D:2:      layout_basic, minmay_shallow_snake_nest, uniq_natasha,
          uniq_crazy_yiuf_cottage
D:3:      layout_rooms, minmay_strange_pillars, uniq_sigmund
D:4:      layout_rooms, hangedman_abyss_or_decor_stagger, uniq_duvessa
D:5:      layout_loops_cross, uniq_ijyb
D:6:      wander_river, layout_loops_corners, lemuel_temple_firewalk_b,
          nicolae_benzene_ring, nicolae_shop_firing_range

Skill      XL: |  1  2  3  4  5  6  7  8 |
---------------+-------------------------+-----
Fighting       | 2 3 4 |  4.6
Transmutations | 3 4 5 |  5.0
Dodging        | 3 4 |  4.9
Spellcasting   | 3 4 |  4.6
Unarmed Combat | 4 5 |  5.5

Action                   |  1- 3 |  4- 6 |  7- 9 || total
-------------------------+-------+-------+-------++-------
Melee: Unarmed           |   100 |   156 |   143 ||   399
       Constrict         |    27 |    30 |    15 ||    72
       Tentacles         |    18 |    16 |    19 ||    53
       Kick              |     8 |    17 |    10 ||    35
       Punch             |     2 |     5 |     3 ||    10
 Cast: Beastly Appendage |     5 |    16 |     5 ||    26
       Spider Form       |       |     4 |     5 ||     9
  Use: Potion            |       |     2 |     1 ||     3
 Stab: Sleeping          |     3 |     3 |     3 ||     9
Armor: Skin              |    13 |    18 |     5 ||    36
Dodge: Dodged            |    69 |   134 |    96 ||   299

Table legend: (Time is in decaauts)
 A = Elapsed time spent in this place.
 B = Non-inter-level travel time spent in this place.
 C = Inter-level travel time spent in this place.
 D = Time resting spent in this place.
 E = Time spent auto-exploring this place.
 F = Levels seen in this place.
 G = Mean time per level.
                   A        B        C        D        E       F      G
               +--------+--------+--------+--------+--------+-----+--------+
         Total |   7899 |   7759 |    140 |   1431 |   5433 |   6 | 1316.5 |
       Dungeon |   7899 |   7759 |    140 |   1431 |   5433 |   6 | 1316.5 |
               +--------+--------+--------+--------+--------+-----+--------+

Top non-repeatable levels by time:
     D:2: 2295 daAuts
     D:5: 1706 daAuts
     D:4: 1457 daAuts
     D:1: 1356 daAuts
     D:3: 1072 daAuts
     D:6: 11 daAuts
